 Dungeon Crawl Stone Soup version 0.22.1-2-g9c5b331 (webtiles) character file.

6054 delarado the Thaumaturge (level 10, 0/50 HPs)
             Began as a Deep Elf Fire Elementalist on Dec 10, 2018.
             Was a Believer of Vehumet.
             Slain by a red ugly thing (14 damage)
             ... on level 12 of the Dungeon.
             The game lasted 01:06:55 (12706 turns).

delarado the Thaumaturge (DEFE)                    Turns: 12706, Time: 01:06:55

Health: 0/50       AC:  7    Str:  5    XL:     10   Next: 57%
Magic:  28/28      EV: 19    Int: 24    God:    Vehumet [**....]
Gold:   283        SH:  0    Dex: 15    Spells: 20/33 levels left

rFire    . . .     SeeInvis .   s - +1 falchion (elec)
rCold    . . .     Gourm    .   (no shield)
rNeg     + . .     Faith    .   a - +0 robe
rPois    .         Spirit   .   K - +0 helmet
rElec    .         Reflect  .   z - +2 cloak
rCorr    .         Harm     .   (no gloves)
MR       +....                  y - +0 pair of boots
Stlth    ++........             (no amulet)
HPRegen  0.16/turn              g - ring of positive energy
MPRegen  0.21/turn              (no ring)

@: no status effects
A: no striking features
a: Renounce Religion


You were on level 12 of the Dungeon.
You worshipped Vehumet.
Vehumet was pleased with you.
You were not hungry.

You visited 2 branches of the dungeon, and saw 11 of its levels.

You collected 523 gold pieces.
You spent 240 gold pieces at shops.

Inventory:

Hand Weapons
 l - a +0 hunting sling
 o - a +1 short sword of venom
 s - a +1 falchion of electrocution (weapon)
 t - a +0 blowgun
Missiles
 f - 323 stones (quivered)
 q - 84 sling bullets
 r - 41 poisoned needles
 C - 3 poisoned tomahawks
Armour
 a - a +0 robe (worn)
 y - a +0 pair of boots (worn)
 z - a +2 cloak (worn)
 B - a +0 buckler
 K - a +0 helmet (worn)
Jewellery
 g - a ring of positive energy (left hand)
Wands
 p - a wand of clouds (12)
 A - a wand of disintegration (15)
 G - a wand of enslavement (12)
 I - a wand of iceblast (6)
 L - a wand of acid (5)
Scrolls
 b - 2 scrolls of amnesia {unknown}
 e - 5 scrolls of remove curse
 k - 3 scrolls of enchant armour
 n - 4 scrolls of enchant weapon
 u - 2 scrolls of random uselessness {unknown}
 w - 2 scrolls of teleportation {unknown}
 x - a scroll of magic mapping
 E - 2 scrolls of immolation {unknown}
 F - a scroll of acquirement {unknown}
 N - a scroll of silence {unknown}
Potions
 d - 2 potions of flight
 h - 3 potions of curing
 i - a potion of might {unknown}
 j - a potion of berserk rage
 m - 2 potions of agility
 v - 3 potions of heal wounds
 D - a potion of cancellation {unknown}
 H - a potion of magic {unknown}
 J - 2 potions of haste
Comestibles
 c - 10 rations
 M - a chunk of flesh


   Skills:
 + Level 9.6 Dodging
 - Level 2.4 Stealth
 + Level 12.1 Spellcasting
 - Level 8.2 Conjurations
 - Level 8.9 Fire Magic


You had 20 spell levels left.
You knew the following spells:

 Your Spells              Type           Power        Failure   Level  Hunger
a - Flame Tongue          Conj/Fire      #####        1%          1    None
b - Conjure Flame         Conj/Fire      ######..     1%          3    None
c - Sticky Flame          Conj/Fire      ######..     1%          4    None
d - Fireball              Conj/Fire      ######....   3%          5    ###....

Your spell library contained the following spells:

 Spells                   Type           Power        Failure   Level  Hunger
 Stone Arrow              Conj/Erth      ####..       2%          3    None
 Throw Flame              Conj/Fire      ######       1%          2    None
 Inner Flame              Hex/Fire       #####...     1%          3    None
 Beastly Appendage        Tmut           ##....       4%          1    None
 Sticks to Snakes         Tmut           ##......     6%          2    None
 Spider Form              Tmut/Pois      ##........   13%         3    None
 Ice Form                 Ice/Tmut       ##......     38%         4    None
 Blade Hands              Tmut           ##........   75%         5    ###....


Dungeon Overview and Level Annotations

Branches:
Dungeon (9/15)             Temple (1/1) D:6
   Lair: D:8-11         Orc: D:9-12

Altars:
Ashenzari
Cheibriados
Dithmenos
Elyvilon
Fedhas
Gozag
Hepliaklqana
Kikubaaqudgha
Makhleb
Nemelex Xobeh
Okawaru
Qazlal
Ru
Sif Muna
Trog
Uskayaw
Vehumet
Wu Jian
Xom
Zin
The Shining One

Shops:
D:6 =(:%   D:8 !

Annotations:
D:4 exclusion: upstairs
D:7 Joseph
D:9 exclusion: gargoyle


Message History

N - a scroll labeled AGYLAG GAHENOU A red ugly thing comes into view.
The red ugly thing gurgles horribly!
The red ugly thing engulfs you!
You are engulfed in flames!
Casting: Sticky Flame (safe; 1% risk of failure)
Confirm with . or Enter, or press ? or * to list all spells.
Okay, then.
The red ugly thing closely misses you.
You riposte.
You hit the red ugly thing.
Lightning courses through the red ugly thing!
The red ugly thing is lightly wounded.
You barely miss the red ugly thing.
The red ugly thing is lightly wounded.
The red ugly thing closely misses you.
You riposte.
You hit the red ugly thing.
The red ugly thing is moderately wounded.
You closely miss the red ugly thing.
The red ugly thing is moderately wounded.
The red ugly thing engulfs you!
* * * LOW HITPOINT WARNING * * *
You are engulfed in flames!
You die...

*,,,,*,,,,,,,**
*,,,,,,,,,,,,,,
******,,,*****
******,,,,,,,,, **,,,*
*,,,,,,,,, ** **,,***
**,,,,,,,, ,*##,,,*
*,,,,,**, ,,...###*
*,**,,*** ,,,,....#*
*,***,,,*
,,,***#..########### *,*
***,, ,,,*
*#.......u@..## *,# ***
**+**
###########.>#####.###
*,,,**
#....###.........#****
,,,,,*
#....######..###..,,,,
*,,,*#######...........##
*******
,,,,,#.....)....########
*,,,*#######....# ,,,,,*
#....# *,,,** ######


You could see a red ugly thing.

Vanquished Creatures
  Erica (D:8)
  8 yaks (D:9)
  Grum (D:8)
  Menkaure (D:7)
  Duvessa (D:5)
  2 orc warriors
  An ice beast (D:6)
  A sky beast (D:9)
  9 ogres
  4 wolves (D:8)
  5 centaurs
  A gnoll sergeant (D:8)
  6 bullfrogs
  2 scorpions
  A wyvern skeleton (D:8)
  Dowan (D:5)
  4 killer bees (D:9)
  A quasit (D:7)
  A centaur zombie (D:5)
  3 hounds
  5 crimson imps
  7 jellies
  3 orc wizards
  Crazy Yiuf (D:6)
  2 bullfrog skeletons
  2 orc priests
  Jessica (D:9)
  5 worker ants
  A hound skeleton (D:5)
  A howler monkey zombie (D:8)
  7 gnolls
  10 adders
  4 shadow imps
  5 oozes (D:8)
  2 adder skeletons
  A worm (D:3)
  3 leopard geckos
  29 orcs
  3 giant cockroaches
  13 goblins
  4 hobgoblins
  16 jackals
  8 kobolds
  4 quokkas
  A ball python (D:2)
  4 bats
  4 frilled lizards
  A jackal skeleton (D:4)
  3 rats (D:1)
204 creatures vanquished.

Vanquished Creatures (others)
  A howler monkey (D:6)
  A hound (D:6)
2 creatures vanquished.

Grand Total: 206 creatures vanquished

Notes
Turn   | Place    | Note
-------+----------+-------------------------------------------
     0 | D:1      | delarado the Deep Elf Fire Elementalist began the quest for
                  | the Orb.
     0 | D:1      | Reached XP level 1. HP: 10/10 MP: 6/6
   175 | D:1      | Reached XP level 2. HP: 15/15 MP: 5/8
  1197 | D:2      | Reached XP level 3. HP: 19/19 MP: 5/9
  2382 | D:3      | Reached XP level 4. HP: 24/24 MP: 8/10
  2893 | D:3      | Learned a level 3 spell: Conjure Flame
  3319 | D:3      | Reached skill level 5 in Fire Magic
  3660 | D:4      | Reached XP level 5. HP: 28/28 MP: 2/11
  4112 | D:4      | Noticed an ogre
  4299 | D:4      | Learned a level 4 spell: Sticky Flame
  4411 | D:4      | Found a burning altar of Makhleb.
  4411 | D:4      | Noticed a cacodemon
  4511 | D:5      | Entered Level 5 of the Dungeon
  4601 | D:5      | Got a crude scale mail
  4661 | D:5      | Found a white marble altar of Elyvilon.
  4677 | D:5      | Noticed Dowan
  4905 | D:5      | Reached XP level 6. HP: 32/32 MP: 6/12
  5092 | D:5      | Reached skill level 5 in Conjurations
  5290 | D:6      | Found Yremanif's Book Shoppe.
  5648 | D:6      | Reached XP level 7. HP: 36/36 MP: 9/13
  5690 | D:6      | Found a staircase to the Ecumenical Temple.
  5706 | Temple   | Entered the Ecumenical Temple
  5852 | Temple   | Became a worshipper of Vehumet
  6272 | D:6      | Found Rikoteusch's Food Boutique.
  6576 | D:6      | Found a shimmering altar of Xom.
  6578 | D:6      | Reached skill level 4 in Spellcasting
  6630 | D:6      | Found Joegetil's Weapon Emporium.
  7000 | D:6      | Reached XP level 8. HP: 41/41 MP: 12/17
  7046 | D:6      | Found a runed door.
  7302 | D:6      | Found Vualiwn's Jewellery Shoppe.
  7306 | D:6      | Bought a cursed -2 ring of intelligence for 22 gold pieces
  7306 | D:6      | Bought a cursed ring of teleportation for 49 gold pieces
  7516 | D:6      | Noticed Crazy Yiuf
  7523 | D:6      | Killed Crazy Yiuf
  7669 | D:5      | Killed Dowan
  7669 | D:5      | Reached skill level 5 in Spellcasting
  7752 | D:5      | Noticed Duvessa
  7765 | D:5      | Killed Duvessa
  8428 | D:7      | Noticed Menkaure
  8436 | D:7      | Learned a level 5 spell: Fireball
  8437 | D:7      | Killed Menkaure
  8437 | D:7      | Reached skill level 6 in Spellcasting
  8665 | D:7      | Found a deep blue altar of Sif Muna.
  9068 | D:7      | Reached * piety under Vehumet
  9068 | D:7      | Offered knowledge of Sandblast by Vehumet.
  9195 | D:7      | Noticed Joseph
  9217 | D:7      | Reached skill level 7 in Spellcasting
  9400 | D:8      | Reached XP level 9. HP: 45/45 MP: 18/21
  9437 | D:8      | Found an opulent altar of Gozag.
  9973 | D:8      | Noticed Erica
  9979 | D:8      | Killed Erica
  9979 | D:8      | Reached skill level 5 in Dodging
  9979 | D:8      | Reached skill level 9 in Spellcasting
 10125 | D:8      | Noticed Grum
 10705 | D:8      | Reached skill level 10 in Spellcasting
 10943 | D:8      | Found a glowing golden altar of the Shining One.
 10956 | D:8      | Found Igguewki's Distillery.
 10964 | D:8      | Bought a potion of flight for 39 gold pieces
 10964 | D:8      | Bought a potion of haste for 130 gold pieces
 10986 | D:8      | Killed Grum
 11352 | D:9      | Offered knowledge of Searing Ray by Vehumet.
 11451 | D:9      | Reached ** piety under Vehumet
 11454 | D:9      | Reached XP level 10. HP: 50/50 MP: 15/26
 11586 | D:9      | Noticed Jessica
 11588 | D:9      | Killed Jessica
 11593 | D:9      | Found a deep blue altar of Sif Muna.
 11742 | D:9      | Reached skill level 11 in Spellcasting
 12499 | D:9      | Noticed a gargoyle
 12523 | D:9      | Reached skill level 12 in Spellcasting
 12527 | D:9      | Offered knowledge of Stone Arrow by Vehumet.
 12654 | D:9      | You fall through a shaft for 3 floors!
 12696 | D:12     | Noticed a red ugly thing
 12706 | D:12     | Slain by a red ugly thing

Skill      XL: |  1  2  3  4  5  6  7  8  9 10 |
---------------+-------------------------------+-----
Conjurations   | 2 3 4 5 6 8 |  8.2
Fire Magic     | 4 5 6 7 8 |  8.9
Spellcasting   | 4 7 10 12 | 12.1
Dodging        | 7 9 |  9.6
Stealth        | |  2.4

Action                   |  1- 3 |  4- 6 |  7- 9 | 10-12 || total
-------------------------+-------+-------+-------+-------++-------
Melee: Falchion          |       |    32 |    55 |    17 ||   104
       Short sword       |       |     4 |       |       ||     4
Throw: Stone             |    30 |    33 |    25 |     8 ||    96
 Cast: Flame Tongue      |    75 |    81 |   112 |    30 ||   298
       Conjure Flame     |       |     2 |     1 |     6 ||     9
       Sticky Flame      |       |     2 |    27 |    19 ||    48
       Fireball          |       |       |    23 |     4 ||    27
  Use: Scroll            |     7 |     4 |       |     1 ||    12
  Eat: Chunk             |     4 |     5 |    11 |     4 ||    24
       Ration            |       |     2 |     4 |       ||     6
Armor: Robe              |     1 |     6 |    21 |     7 ||    35
Dodge: Dodged            |    26 |    44 |    86 |    39 ||   195
       Rpst.: Falchion   |       |     9 |    24 |    12 ||    45
